 Dungeon Crawl Stone Soup version 0.31-a0-851-g7ff8af7976 (webtiles) character file.

Game seed: 6727679512420641939

459 BinkBink the Skirmisher (level 6, -3/37 HPs)
             Began as a Deep Elf Hunter on Oct 7, 2023.
             Slain by a black bear (11 damage)
             ... on level 4 of the Dungeon.
             The game lasted 00:06:41 (2720 turns).

BinkBink the Skirmisher (Deep Elf Hunter)           Turns: 2720, Time: 00:06:42

Health: -3/37      AC:  6    Str:  8    XL:     6   Next: 78%
Magic:  8/8        EV: 15    Int: 14    God:
Gold:   166        SH:  0    Dex: 20    Spells: 5/5 levels left

rFire   . . .        a - +0 shortbow
rCold   . . .        (shield currently unavailable)
rNeg    . . .        c - +0 robe
rPois   .            (no helmet)
rElec   .            (no cloak)
rCorr   .            (no gloves)
SInv    .            (no boots)
Will    .....        e - amulet of the acrobat
Stlth   ++           m - +4 ring of protection
HPRegen 0.26/turn    (no ring)
MPRegen 0.11/turn

%: acrobat
@: no status effects
A: no striking features
a: no special abilities


You were on level 4 of the Dungeon.
You visited 1 branch of the dungeon, and saw 4 of its levels.

You collected 231 gold pieces.
You spent 65 gold pieces at shops.

Inventory:

Hand Weapons
 a - a +0 shortbow (weapon)
Missiles
 r - a throwing net
Armour
 c - a +0 robe (worn)
Jewellery
 e - an amulet of the acrobat (around neck)
 m - a +4 ring of protection (left hand)
Wands
 j - a wand of roots (5)
 k - a wand of flame (12)
Scrolls
 d - a scroll of fog
 f - a scroll of noise {unknown}
 g - a scroll of acquirement {unknown}
 h - 4 scrolls of poison
 i - a scroll of identify
 l - a scroll of vulnerability {unknown}
 o - a scroll of blinking {unknown}
 p - a scroll of enchant weapon {unknown}
 q - 3 scrolls of amnesia
 s - a scroll of brand weapon {unknown}
Potions
 b - 4 potions of lignification
 n - a potion of haste {unknown}


   Skills:
 + Level 3.2 Fighting
 * Level 8.5 Ranged Weapons
 + Level 4.8 Dodging
 - Level 1.2 Stealth


You had 5 spell levels left.
You didn't know any spells.
Your spell library contained the following spells:

 Spells                   Type           Power      Damage    Failure   Level
 Freeze                   Ice            0%         1d3       28%         1
 Frozen Ramparts          Ice            0%         1d1       65%         3
 Hailstorm                Conj/Ice       0%         3d3       65%         3


Dungeon Overview and Level Annotations

Branches:
Dungeon (4/15)
 Temple: D:4-7

Altars:

Shops:
D:1 !   D:3 =


Message History

You shoot an arrow.
The arrow hits the black bear but does no damage.
The black bear is severely wounded.
The black bear bites you! The black bear barely misses you.
The black bear claws you.
A hobgoblin comes into view.
You shoot an arrow. The arrow hits the black bear.
The black bear is severely wounded.
The black bear bites you. The black bear misses you. The black bear claws you.
The black bear bites you. The black bear closely misses you.
The black bear barely misses you.
You are too injured to fight recklessly!
You are too injured to fight recklessly!
You are too injured to fight recklessly!
Fire: a) +0 shortbow
Press: ? - help, Q - select action, (/) - cycle Shift-Dir - straight line, f/p - black bear
Aim: a black bear (severely wounded, berserk, 73% to hit)
You shoot an arrow. The arrow hits the black bear.
The black bear is severely wounded.
The black bear barely misses you. x2; The black bear claws you.
Fire: a) +0 shortbow
Press: ? - help, Q - select action, (/) - cycle Shift-Dir - straight line, f/p - black bear
Aim: a black bear (severely wounded, berserk, 73% to hit)
You shoot an arrow.
The arrow closely misses the black bear.
The black bear bites you.
* * * LOW HITPOINT WARNING * * *
The black bear claws you but does no damage.
The black bear closely misses you.
The black bear bites you but does no damage.
The black bear misses you.
The black bear claws you but does no damage.
Unknown command.
Fire: a) +0 shortbow
Press: ? - help, Q - select action, (/) - cycle Shift-Dir - straight line, f/p - black bear
Aim: a black bear (severely wounded, berserk, 73% to hit)
You shoot an arrow. The arrow hits the black bear!
The black bear is almost dead.
The black bear bites you!
You die...

...... .## ..... ..#
....## ....#
##.....##.....
#.....?##..... ...
............# ##..
#hg..##...... .###...
#@##..#..... .......
#..#.##...# .#
.......##.....#..####.#
..............#...#..##
$...............#......
................#......
...................##
.....#......#.......# ..#
....##......###.....##..#


You could see a black bear (berserk) and a hobgoblin.

Vanquished Creatures
  A water moccasin (D:4)
  A black bear (D:4)
  A scorpion (D:3)
  4 orc wizards
  A gnoll (D:1)
  2 adders
  A dart slug (D:2)
  9 orcs
  9 ball pythons
  10 endoplasms
  2 giant cockroaches
  4 goblins
  10 hobgoblins
  4 jackals (D:2)
  11 kobolds
  A quokka (D:1)
  4 bats
  3 frilled lizards
  4 rats
82 creatures vanquished.

Notes
Turn   | Place    | Note
-------+----------+-------------------------------------------
     0 | D:1      | BinkBink the Deep Elf Hunter began the quest for the Orb.
     0 | D:1      | Reached XP level 1. HP: 12/12 MP: 3/3
     3 | D:1      | Noticed an electric eel
     4 | D:1      | Noticed an electric eel
   156 | D:1      | Reached XP level 2. HP: 17/17 MP: 4/4
   529 | D:1      | Reached skill level 6 in Ranged Weapons
   597 | D:1      | Reached XP level 3. HP: 19/21 MP: 5/5
   784 | D:1      | Found Xushul's Distillery.
   792 | D:1      | Bought a potion of heal wounds for 65 gold pieces
  1229 | D:2      | Reached XP level 4. HP: 24/26 MP: 6/6
  1515 | D:2      | Found a faded altar of an unknown god.
  1638 | D:3      | Found Meopiog's Jewellery Boutique.
  2051 | D:2      | Reached skill level 7 in Ranged Weapons
  2086 | D:3      | Reached XP level 5. HP: 31/31 MP: 7/7
  2479 | D:4      | Reached XP level 6. HP: 36/36 MP: 8/8
  2623 | D:4      | Noticed a water moccasin
  2631 | D:4      | Killed a water moccasin
  2632 | D:4      | Reached skill level 8 in Ranged Weapons
  2720 | D:4      | Slain by a black bear

Illustrated notes

Levels and vault maps discovered:
D:1:      arrival_aquarium_b, layout_basic, serial_shops, nicolae_square_shop,
          st_stairs_10, nicolae_titane
D:2:      layout_rooms, shapermc_ecumenical_altar_petra, minmay_statues_item,
          minmay_distorted
D:3:      layout_loops_ring, serial_shops, nicolae_shop_peninsula
D:4:      minmay_chambers_of_threes, layout_cave_pools,
          mainiacjoe_overflow_alcove_1, kennysheep_nondescript

Skill      XL: |  1  2  3  4  5  6 |
---------------+-------------------+-----
Ranged Weapons | 6 7 8 |  8.5
Dodging        | 3 4 |  4.8
Fighting       | 2 3 |  3.2
Stealth        | |  1.2

Action                     |  1- 3 |  4- 6 || total
---------------------------+-------+-------++-------
   Fire: Shortbow          |   114 |   132 ||   246
    Use: Scroll            |     1 |     4 ||     5
         Potion            |       |     1 ||     1
 Armour: Leather armour    |    35 |    21 ||    56
         Robe              |       |    21 ||    21
  Dodge: Dodged            |    21 |    37 ||    58

Table legend: (Time is in decaauts)
 A = Elapsed time spent in this place.
 B = Non-inter-level travel time spent in this place.
 C = Inter-level travel time spent in this place.
 D = Time resting spent in this place.
 E = Time spent auto-exploring this place.
 F = Levels seen in this place.
 G = Mean time per level.
                   A        B        C        D        E       F      G
               +--------+--------+--------+--------+--------+-----+--------+
         Total |   2748 |   2639 |    109 |     11 |   2044 |   4 |  687.0 |
       Dungeon |   2748 |   2639 |    109 |     11 |   2044 |   4 |  687.0 |
               +--------+--------+--------+--------+--------+-----+--------+

Top non-repeatable levels by time:
     D:1: 926 daAuts
     D:3: 902 daAuts
     D:2: 662 daAuts
     D:4: 257 daAuts
